 Dungeon Crawl Stone Soup version 0.19.5 (webtiles) character file.

236 Jerry the Slasher (level 5, -1/42 HPs)
             Began as a Demigod Warper on May 2, 2017.
             Slain by a mummy (6 damage)
             ... in an ossuary.
             The game lasted 00:11:23 (4097 turns).

Jerry the Slasher (Demigod Warper)                  Turns: 4097, Time: 00:11:24

Health: -1/42      AC: 11    Str: 16    XL:     5   Next: 47%
Magic:  0/11       EV:  7    Int: 17    God:
Gold:   135        SH:  0    Dex: 15    Spells: 3 memorised, 1 level left

rFire  . . .     SeeInvis .     a - +0 falchion
rCold  . . .     Gourm    .     v - +0 chain mail
rNeg   . . .     Faith    .     (no shield)
rPois  .         Spirit   +     t - +0 helmet
rElec  .         Reflect  .     (no cloak)
rCorr  .         Harm     .     (no gloves)
MR     +....                    k - +0 pair of boots
Stlth  ..........               p - amulet of guardian spirit
                                (no ring)
                                u - ring of protection from magic

@: no status effects
A: high mp 1
a: no special abilities


You were in an ossuary.
You were not hungry.

You visited 1 branch of the dungeon, and saw 4 of its levels.
You also visited: Ossuary.

You collected 135 gold pieces.

Inventory:

Hand Weapons
 a - a +0 falchion (weapon)
 x - a cursed -1 dagger
Missiles
 e - 5 tomahawks of dispersal (quivered)
Armour
 b - a +0 leather armour
 k - a +0 pair of boots (worn)
 t - a +0 helmet (worn)
 v - a +0 chain mail (worn)
Jewellery
 p - an amulet of guardian spirit (around neck)
 u - a ring of protection from magic (left hand)
Wands
 C - a wand of paralysis (11/24)
Scrolls
 d - 4 scrolls of blinking
 h - 2 scrolls of teleportation {unknown}
 l - 2 scrolls of amnesia {unknown}
 m - 5 scrolls of remove curse {unknown}
 n - 3 scrolls of identify {unknown}
 o - 4 scrolls of fear {unknown}
 q - a scroll of enchant weapon {unknown}
 r - 2 scrolls of immolation {unknown}
 s - 2 scrolls of recharging {unknown}
 D - a scroll of magic mapping {unknown}
Potions
 i - 2 potions of brilliance {unknown}
 j - 2 potions of degeneration {unknown}
 w - a potion of mutation {unknown}
 z - a potion of curing {unknown}
Books
 c - a book of Spatial Translocations

   Spells                             Type                      Level
   a - Blink                          Translocation                2
   b - Shroud of Golubria             Charms/Translocation         2
   c - Lesser Beckoning               Translocation                3
   d - Portal Projectile              Translocation                3
   e - Teleport Other                 Translocation                3
   f - Passage of Golubria            Translocation                4
 y - a book of Conjurations

   Spells                             Type                      Level
   a - Magic Dart                     Conjuration                  1
   b - Searing Ray                    Conjuration                  2
   c - Dazzling Spray                 Conjuration/Hexes            3
   d - Fulminant Prism                Conjuration/Hexes            4
   e - Iskenderun's Mystic Blast      Conjuration                  4
   f - Iskenderun's Battlesphere      Conjuration/Charms           5
Comestibles
 f - a bread ration
 g - a meat ration
 A - 2 beef jerkies


   Skills:
 + Level 2.7 Fighting
 * Level 3.6 Long Blades
 - Level 0.8 Throwing
 + Level 2.4 Armour
 - Level 1.8 Dodging
 - Level 2.3 Spellcasting
 + Level 3.1 Translocations


You had one spell level left.
You knew the following spells:

 Your Spells              Type           Power        Failure   Level  Hunger
a - Lesser Beckoning      Tloc           ##........   100%        3    ###....
b - Shroud of Golubria    Chrm/Tloc      #.........   100%        2    ##.....
c - Blink                 Tloc           N/A          98%         2    ##.....


Dungeon Overview and Level Annotations

Branches:
Dungeon (4/15)
 Temple: D:4-7


Innate Abilities, Weirdness & Mutations

You have an increased reservoir of magic. (+10% MP)


Message History

The big kobold zombie is almost destroyed.
The big kobold zombie hits you but does no damage.
The mummy hits you.
* * * LOW HITPOINT WARNING * * *
You hit the big kobold zombie.
The big kobold zombie is almost destroyed.
The big kobold zombie hits you but does no damage.
The mummy closely misses you.
You riposte.
You barely miss the mummy.
Your chain mail prevents you from hitting the big kobold zombie.
The big kobold zombie is almost destroyed.
The mummy hits you.
* * * LOW HITPOINT WARNING * * *
The big kobold zombie hits you but does no damage.
The mummy hits you.
* * * LOW HITPOINT WARNING * * *
You hit the big kobold zombie.
You destroy the big kobold zombie!
The mummy closely misses you. The mummy hits you!
You die...

.M....#
#....#
#....#
#....#
#....#
#....#
#....#
#....#
#M@..#
#.M∩.#
######


You could see 2 mummies.

Vanquished Creatures
  Jessica (D:2)
  A bullfrog skeleton (D:4)
  Ijyb (D:2)
  A big kobold zombie (Ossuary)
  Robin (D:1)
  5 adders
  A worm (D:1)
  A dart slug (D:2)
  A leopard gecko (D:2)
  6 giant cockroaches
  2 gnoll zombies (Ossuary)
  9 goblins
  19 hobgoblins
  2 jackals (D:1)
  5 kobolds
  A quokka (D:2)
  A ball python (D:2)
  7 bats
  5 frilled lizards
  2 hobgoblin zombies (Ossuary)
  2 kobold zombies (Ossuary)
  8 rats
82 creatures vanquished.

Notes
Turn   | Place    | Note
-------+----------+-------------------------------------------
     0 | D:1      | Jerry the Demigod Warper began the quest for the Orb.
     0 | D:1      | Reached XP level 1. HP: 17/17 MP: 5/5
    32 | D:1      | Reached skill level 1 in Armour
   514 | D:1      | Reached XP level 2. HP: 24/24 MP: 7/7
  1100 | D:1      | Reached XP level 3. HP: 19/29 MP: 6/8
  1854 | D:2      | Noticed Ijyb
  1880 | D:2      | Killed Ijyb
  1983 | D:2      | Reached XP level 4. HP: 27/37 MP: 6/10
  2067 | D:2      | Learned a level 3 spell: Lesser Beckoning
  2070 | D:2      | Learned a level 2 spell: Shroud of Golubria
  2073 | D:2      | Learned a level 2 spell: Blink
  2145 | D:2      | Noticed Robin
  2387 | D:1      | Killed Robin
  2732 | D:2      | Noticed Jessica
  2741 | D:2      | Killed Jessica
  3343 | D:3      | Reached XP level 5. HP: 42/42 MP: 11/11
  4001 | D:4      | Found a sand-covered staircase.
  4006 | Ossuary  | Entered an ossuary
  4097 | Ossuary  | Slain by a mummy

Skill      XL: |  1  2  3  4 |
---------------+-------------+-----
Armour         | 1 2 |  2.4
Long Blades    | 2 3 |  3.6
Fighting       | 2 |  2.7
Spellcasting   | 2 |  2.3
Translocations | 3 |  3.1
Throwing       | |  0.8
Dodging        | |  1.8

Action                   |  1- 3 |  4- 6 || total
-------------------------+-------+-------++-------
Melee: Falchion          |   164 |   194 ||   358
 Stab: Sleeping          |     1 |       ||     1
  Eat: Chunk             |     1 |     8 ||     9
       Beef jerky        |     1 |       ||     1
Armor: Leather armour    |    49 |    25 ||    74
       Chain mail        |       |    87 ||    87
Dodge: Dodged            |   117 |    98 ||   215
       Rpst.: Falchion   |    33 |    36 ||    69
